MLB
PHILADELPHIA PHILLIES @ SAN FRANCISCO GIANTS
06/03/2018
 
TOP OF THE 1ST
Philadelphia Phillies batting - Pitching for San Francisco Giants : RHP Jake Odorizzi
Pitching: RHP Jake Odorizzi
Batting: LHB Leonys Martin 0-0: Ball
1-0: SOLO HOME RUN (Flyball, 78XD), Distance : 420 ft
Batting: RHB Todd Frazier 0-0: Ball
1-0: Called Strike
1-1: Called Strike
1-2: Ground out 1-3 (Groundball, 13)
Batting: RHB Giancarlo Stanton 0-0: Ball
1-0: Ball
2-0: Foul Ball, location: 2F
2-1: Called Strike
2-2: Ball
3-2: Base on Balls
Batting: LHB Justin Bour 0-0: Called Strike
0-1: Swinging Strike
0-2: Ball
1-2: Foul Ball, location: 2F
1-2: Foul Ball, location: 2F
1-2: SINGLE (Flyball, 9LS)
Giancarlo Stanton to second
Runner from 2nd tries for 3rd, OUT! 9-5
Batting: LHB Kole Calhoun 0-0: SINGLE (Groundball, 4MD)
Justin Bour to second
Batting: RHB Carson Kelly 0-0: Called Strike
0-1: Foul Ball, location: 2F
0-2: Ball
1-2: Strikes out swinging
Top of the 1st over - 1 run, 3 hits, 0 errors, 2 left on base; Philadelphia 1 - San Francisco 0
BOTTOM OF THE 1ST
San Francisco Giants batting - Pitching for Philadelphia Phillies : LHP David Price
Pitching: LHP David Price
Batting: RHB Dustin Pedroia 0-0: Called Strike
0-1: Ball
1-1: Ball
2-1: SINGLE (Flyball, 8RS)
Batting: LHB Kyle Schwarber 0-0: Foul Ball, location: 2F
0-1: Foul Ball, location: 2F
0-2: Ball
1-2: Ball
2-2: Foul Ball, location: 2F
2-2: Foul Ball, location: 2F
2-2: Foul Ball, location: 2F
2-2: Strikes out swinging
Batting: LHB Anthony Rizzo 0-0: Swinging Strike
0-1: Foul Ball, location: 2F
0-2: Ball
1-2: Ball
2-2: Ball
3-2: Fly out, F8 (Flyball, 8LM)
Batting: RHB Nelson Cruz 0-0: Called Strike
0-1: Foul Ball, location: 2F
0-2: Ball
1-2: Strikes out swinging
Bottom of the 1st over - 0 runs, 1 hit, 0 errors, 1 left on base; Philadelphia 1 - San Francisco 0
TOP OF THE 2ND
Philadelphia Phillies batting - Pitching for San Francisco Giants : RHP Jake Odorizzi
Batting: RHB Scott Kingery 0-0: Foul Ball, location: 2F
0-1: Ball
1-1: Ground out 6-3 (Groundball, 6)
Batting: RHB Amed Rosario 0-0: Ball
1-0: Called Strike
1-1: Ball
2-1: Called Strike
2-2: Strikes out looking
Batting: LHB David Price 0-0: Ball
1-0: Called Strike
1-1: Swinging Strike
1-2: Foul Ball, location: 2F
1-2: Foul Ball, location: 2F
1-2: Ball
2-2: Strikes out swinging
Top of the 2nd over - 0 runs, 0 hits, 0 errors, 0 left on base; Philadelphia 1 - San Francisco 0
BOTTOM OF THE 2ND
San Francisco Giants batting - Pitching for Philadelphia Phillies : LHP David Price
Batting: LHB Kyle Seager 0-0: Foul Ball, location: 2F
0-1: Ball
1-1: Ground out 5-3 (Groundball, 6)
Batting: LHB Corey Dickerson 0-0: Ball
1-0: Ball
2-0: SINGLE (Line Drive, 9S)
Batting: RHB Tim Anderson 0-0: Fly out, F7 (Flyball, 7LSF)
Batting: LHB Jon Jay 0-0: Fielders Choice at 2nd, 5-4 (Groundball, 5)
Bottom of the 2nd over - 0 runs, 1 hit, 0 errors, 1 left on base; Philadelphia 1 - San Francisco 0
TOP OF THE 3RD
Philadelphia Phillies batting - Pitching for San Francisco Giants : RHP Jake Odorizzi
Batting: LHB Leonys Martin 0-0: Fly out, F7 (Flyball, 7LSF)
Batting: RHB Todd Frazier 0-0: Ball
1-0: Ball
2-0: Ball
3-0: Called Strike
3-1: Base on Balls
Batting: RHB Giancarlo Stanton 0-0: Ball
1-0: Foul Ball, location: 2F
1-1: Ball
2-1: Foul Ball, location: 2F
2-2: Ball
3-2: Strikes out swinging
Batting: LHB Justin Bour 0-0: Ball
1-0: Foul Ball, location: 2F
1-1: Ball
2-1: Ball
3-1: Fly out, F9 (Flyball, 89M)
Top of the 3rd over - 0 runs, 0 hits, 0 errors, 1 left on base; Philadelphia 1 - San Francisco 0
BOTTOM OF THE 3RD
San Francisco Giants batting - Pitching for Philadelphia Phillies : LHP David Price
Batting: RHB Jake Odorizzi 0-0: Foul Ball, location: 2F
0-1: Fly out, F4 (Line Drive, 4)
Batting: RHB Dustin Pedroia 0-0: Ball
1-0: Swinging Strike
1-1: Swinging Strike
1-2: Ball
2-2: Fly out, F7 (Flyball, 78S)
Batting: LHB Kyle Schwarber 0-0: Ball
1-0: Ball
2-0: Called Strike
2-1: Swinging Strike
2-2: Strikes out swinging
Bottom of the 3rd over - 0 runs, 0 hits, 0 errors, 0 left on base; Philadelphia 1 - San Francisco 0
TOP OF THE 4TH
Philadelphia Phillies batting - Pitching for San Francisco Giants : RHP Jake Odorizzi
Batting: LHB Kole Calhoun 0-0: Called Strike
0-1: Called Strike
0-2: Ball
1-2: Strikes out looking
Batting: RHB Carson Kelly 0-0: Called Strike
0-1: SINGLE (Line Drive, 56D)
Batting: RHB Scott Kingery 0-0: Called Strike
0-1: Ball
1-1: Called Strike
1-2: Strikes out swinging
Batting: RHB Amed Rosario 0-0: Ball
1-0: Ball
2-0: Called Strike
2-1: Swinging Strike
2-2: Ball
3-2: Foul Ball, location: 2F
3-2: Fly out, F9 (Flyball, 9)
Top of the 4th over - 0 runs, 1 hit, 0 errors, 1 left on base; Philadelphia 1 - San Francisco 0
BOTTOM OF THE 4TH
San Francisco Giants batting - Pitching for Philadelphia Phillies : LHP David Price
Batting: LHB Anthony Rizzo 0-0: Foul Ball, location: 2F
0-1: SINGLE (Flyball, 89M)
Batting: RHB Nelson Cruz 0-0: Called Strike
0-1: Swinging Strike
0-2: Strikes out swinging
Batting: LHB Kyle Seager 0-0: Ball
1-0: Called Strike
1-1: Called Strike
1-2: Strikes out swinging
Batting: LHB Corey Dickerson 0-0: Ball
1-0: Foul Ball, location: 2F
1-1: Ball
2-1: Ball
3-1: Fly out, F6 (Popup, 25)
Bottom of the 4th over - 0 runs, 1 hit, 0 errors, 1 left on base; Philadelphia 1 - San Francisco 0
TOP OF THE 5TH
Philadelphia Phillies batting - Pitching for San Francisco Giants : RHP Jake Odorizzi
Batting: LHB David Price 0-0: Ball
1-0: Swinging Strike
1-1: Called Strike
1-2: Strikes out swinging
Batting: LHB Leonys Martin 0-0: Ball
1-0: Ground out 4-3 (Groundball, 4)
Batting: RHB Todd Frazier 0-0: Called Strike
0-1: Ball
1-1: Swinging Strike
1-2: Ball
2-2: Ball
3-2: SINGLE (Groundball, 56D)
Batting: RHB Giancarlo Stanton 0-0: Called Strike
0-1: Ground out U3 (Groundball, 3)
Top of the 5th over - 0 runs, 1 hit, 0 errors, 1 left on base; Philadelphia 1 - San Francisco 0
BOTTOM OF THE 5TH
San Francisco Giants batting - Pitching for Philadelphia Phillies : LHP David Price
Batting: RHB Tim Anderson 0-0: Ball
1-0: Called Strike
1-1: Swinging Strike
1-2: Ball
2-2: Fly out, F8 (Flyball, 8RS)
Batting: LHB Jon Jay 0-0: Called Strike
0-1: Ball
1-1: Ball
2-1: Ball
3-1: Reached on error, E5 (Groundball, 56)
Batting: RHB Jake Odorizzi 0-0: Called Strike
0-1: Sac Bunt to 13S - play at first, batter safe!
Jon Jay to second
Batting: RHB Dustin Pedroia 0-0: Ball
1-0: Grounds into double play, 4-6-3 (Groundball, 4)
Bottom of the 5th over - 0 runs, 1 hit, 1 error, 1 left on base; Philadelphia 1 - San Francisco 0
TOP OF THE 6TH
Philadelphia Phillies batting - Pitching for San Francisco Giants : RHP Jake Odorizzi
Batting: LHB Justin Bour 0-0: Foul Ball, location: 2F
0-1: Swinging Strike
0-2: Foul Ball, location: 2F
0-2: Fly out, F7 (Flyball, 7)
Batting: LHB Kole Calhoun 0-0: Called Strike
0-1: Ball
1-1: Called Strike
1-2: Ball
2-2: Foul Ball, location: 2F
2-2: Ball
3-2: Base on Balls
Pitching: RHP Chris Hatcher
Batting: RHB Carson Kelly Pickoff Throw to First - Out! 1-3
0-0: Ball
1-0: Called Strike
1-1: Fly out, F9 (Flyball, 9LD)
Top of the 6th over - 0 runs, 0 hits, 0 errors, 0 left on base; Philadelphia 1 - San Francisco 0
BOTTOM OF THE 6TH
San Francisco Giants batting - Pitching for Philadelphia Phillies : LHP David Price
Batting: LHB Kyle Schwarber 0-0: Ball
1-0: Swinging Strike
1-1: Ball
2-1: Foul Ball, location: 2F
2-2: Foul Ball, location: 2F
2-2: Strikes out looking
Batting: LHB Anthony Rizzo 0-0: Ball
1-0: Called Strike
1-1: Foul Ball, location: 2F
1-2: Ball
2-2: Ball
3-2: Ground out 6-3 (Groundball, 4MS)
Batting: RHB Nelson Cruz 0-0: Called Strike
0-1: Ball
1-1: Foul Ball, location: 2F
1-2: Strikes out swinging
Bottom of the 6th over - 0 runs, 0 hits, 0 errors, 0 left on base; Philadelphia 1 - San Francisco 0
TOP OF THE 7TH
Philadelphia Phillies batting - Pitching for San Francisco Giants : RHP Chris Hatcher
Batting: RHB Scott Kingery 0-0: Ball
1-0: Ball
2-0: Ball
3-0: Base on Balls
Pinch Hitting: LHB Nicky Delmonico 0-0: Ball
1-0: Ball
Wild Pitch!
Scott Kingery to second
2-0: Foul Ball, location: 2F
2-1: Ball
3-1: Called Strike
3-2: Strikes out looking
Batting: LHB David Price 0-0: Ball
1-0: Ball
2-0: Foul Ball, location: 2F
2-1: Fly out, F7 (Line Drive, 7D)
Batting: LHB Leonys Martin 0-0: SINGLE (Line Drive, 89M)
Scott Kingery to third
Runner from 3rd tries for Home, SAFE, throw by RF to home
Batting: RHB Todd Frazier 0-0: Ball
1-0: Fielders Choice at 2nd, U6 (Groundball, 6M)
Top of the 7th over - 1 run, 1 hit, 0 errors, 1 left on base; Philadelphia 2 - San Francisco 0
BOTTOM OF THE 7TH
San Francisco Giants batting - Pitching for Philadelphia Phillies : LHP David Price
Pitching: RHP Bryan Shaw
Now at SS: Brett Sullivan
Batting: LHB Kyle Seager 0-0: Called Strike
0-1: Foul Ball, location: 2F
0-2: Ball
1-2: Ball
2-2: Foul Ball, location: 2F
2-2: Ball
3-2: Foul Ball, location: 2F
3-2: Fly out, F9 (Flyball, 9)
Batting: LHB Corey Dickerson 0-0: Ground out U3 (Groundball, 3S)
Batting: RHB Tim Anderson 0-0: Called Strike
0-1: Swinging Strike
0-2: SINGLE (Groundball, 4MD)
Batting: LHB Jon Jay 0-0: Swinging Strike
0-1: Fly out, F8 (Flyball, 78S)
Bottom of the 7th over - 0 runs, 1 hit, 0 errors, 1 left on base; Philadelphia 2 - San Francisco 0
TOP OF THE 8TH
Philadelphia Phillies batting - Pitching for San Francisco Giants : RHP Chris Hatcher
Pitching: LHP Tony Watson
Batting: RHB Giancarlo Stanton 0-0: Fly out, F7 (Flyball, 78S)
Batting: LHB Justin Bour 0-0: Ball
1-0: Foul Ball, location: 2F
1-1: Called Strike
1-2: Foul Ball, location: 2F
1-2: Strikes out swinging
Batting: LHB Kole Calhoun 0-0: Ball
1-0: Ball
2-0: Ball
3-0: Base on Balls
Batting: RHB Carson Kelly 0-0: Swinging Strike
0-1: Ball
1-1: Fly out, F9 (Flyball, 9LM)
Top of the 8th over - 0 runs, 0 hits, 0 errors, 1 left on base; Philadelphia 2 - San Francisco 0
BOTTOM OF THE 8TH
San Francisco Giants batting - Pitching for Philadelphia Phillies : RHP Bryan Shaw
Pinch Hitting: LHB Tyler Naquin 0-0: Foul Ball, location: 2F
0-1: Ball
1-1: Ball
2-1: Ground out 5-3 (Groundball, 5)
Batting: RHB Dustin Pedroia 0-0: Ball
1-0: Called Strike
1-1: Called Strike
1-2: Fly out, F6 (Line Drive, 6)
Batting: LHB Kyle Schwarber 0-0: Ball
1-0: Foul Ball, location: 2F
1-1: Foul Ball, location: 2F
1-2: Ball
2-2: Ball
3-2: Base on Balls
Pitching: RHP Seung-hwan Oh
Batting: LHB Anthony Rizzo 0-0: Ball
1-0: Ball
2-0: Ground out 4-3 (Groundball, 34)
Bottom of the 8th over - 0 runs, 0 hits, 0 errors, 1 left on base; Philadelphia 2 - San Francisco 0
TOP OF THE 9TH
Philadelphia Phillies batting - Pitching for San Francisco Giants : LHP Tony Watson
Pitching: RHP Chris Devenski
Batting: RHB Scott Kingery 0-0: Called Strike
0-1: Ground out 1-3 (Groundball, P)
Batting: LHB Brett Sullivan 0-0: Ball
1-0: Fly out, F8 (Flyball, 8RD)
Pinch Hitting: RHB Jesus Aguilar 0-0: Called Strike
0-1: Ball
1-1: Fly out, F7 (Flyball, 7D)
Top of the 9th over - 0 runs, 0 hits, 0 errors, 0 left on base; Philadelphia 2 - San Francisco 0
BOTTOM OF THE 9TH
San Francisco Giants batting - Pitching for Philadelphia Phillies : RHP Seung-hwan Oh
Pitching: RHP Sergio Romo
Now in CF: Carlos Tocci
Batting: RHB Nelson Cruz 0-0: Called Strike
0-1: Called Strike
0-2: Hit by Pitch
Batting: LHB Kyle Seager 0-0: Called Strike
0-1: Ball
1-1: Foul Ball, location: 2F
1-2: Strikes out swinging
Batting: LHB Corey Dickerson 0-0: Ball
1-0: Ball
2-0: SINGLE (Groundball, 34D)
Nelson Cruz to second
Batting: RHB Tim Anderson 0-0: Called Strike
0-1: Ball
1-1: Foul Ball, location: 2F
1-2: Ball
2-2: Ball
3-2: Strikes out swinging
Batting: LHB Jon Jay 0-0: Swinging Strike
0-1: Called Strike
0-2: Strikes out swinging
Bottom of the 9th over - 0 runs, 1 hit, 0 errors, 2 left on base; Philadelphia 2 - San Francisco 0
Tuesday, August 7th, 2018 - OOTP Baseball 19.7 Build 59